 Dungeon Crawl Stone Soup version 0.26.1-11-gd32895ea62 (webtiles) character file.

Game seed: 3863334256464541977

7723 buriedalive the Nimble (level 11, -13/67 HPs)
             Began as a Deep Elf Ice Elementalist on June 21, 2021.
             Was a Priest of Ashenzari.
             Mangled by an earth elemental (30 damage)
             ... in a volcano.
             The game lasted 00:29:33 (14696 turns).

buriedalive the Nimble (Deep Elf Ice Elementalist) Turns: 14696, Time: 00:29:34

Health: -13/67     AC: 15    Str:  5    XL:     11   Next: 0%
Magic:  21/26      EV: 21    Int: 24    God:    Ashenzari [***...]
Gold:   711        SH:  0    Dex: 15    Spells: 5/16 levels left

rFire    . . .     SeeInvis +   n - +4 dagger
rCold    . . .     Faith    .   (no shield)
rNeg     . . .     Spirit   .   a - +2 robe
rPois    .         Reflect  .   (no helmet)
rElec    .         Harm     .   (no cloak)
rCorr    .         Rampage  .   (no gloves)
Will     ++...                  (no boots)
Stlth    ++........             d - amulet of magic regeneration (curse)
HPRegen  0.21/turn              w - ring of willpower (curse)
MPRegen  0.45/turn              H - ring of magical power

@: mighty, icy armour, frozen ramparts
A: slimy green scales 1, blink
a: Blink, Renounce Religion, Curse Item, Scrying


You were in a volcano.
You worshipped Ashenzari.
Ashenzari was most pleased with you.
You visited 2 branches of the dungeon, and saw 12 of its levels.
You also visited: Sewer and Volcano.

You collected 711 gold pieces.

Inventory:

Hand Weapons
 m - a +0 dagger
 n - a +4 dagger (weapon)
 q - a +1 dagger of venom
 t - a +0 flail of holy wrath
Missiles
 b - 368 stones
 G - 2 curare-tipped darts
Armour
 a - a +2 robe (worn)
Jewellery
 d - a cursed amulet of magic regeneration (around neck)
 j - an uncursed amulet of reflection
 w - a cursed ring of willpower (left hand)
 C - an uncursed ring of poison resistance
 F - an uncursed ring of wizardry
 H - a ring of magical power (right hand)
Wands
 g - a wand of digging (3)
 E - a wand of paralysis (12)
Scrolls
 c - 3 scrolls of immolation
 e - 4 scrolls of fear
 h - 7 scrolls of teleportation
 l - 7 scrolls of fog
 y - a scroll of blinking
 z - 5 scrolls of magic mapping
Potions
 f - 5 potions of brilliance
 i - 3 potions of lignification
 o - 3 potions of might
 p - a potion of ambrosia
 r - 2 potions of cancellation
 s - 2 potions of resistance
 u - 5 potions of curing
 v - 4 potions of magic
 x - 3 potions of flight
 A - 2 potions of haste
 B - 2 potions of invisibility


   Skills:
 + Level 7.0 Fighting
 - Level 12.3 Dodging
 - Level 2.4 Stealth
 - Level 3.0 Spellcasting
 - Level 6.2(8.2) Summonings
 - Level 10.4(12.1) Ice Magic


You had 5 spell levels left.
You knew the following spells:

 Your Spells              Type           Power        Failure   Level
a - Freeze                Ice            100%         1%          1
b - Frozen Ramparts       Ice            100%         1%          3
c - Ozocubu's Armour      Ice            58%          1%          3
d - Summon Ice Beast      Ice/Summ       51%          1%          4

Your spell library contained the following spells:

 Spells                   Type           Power        Failure   Level
 Call Imp                 Summ           43%          1%          2
 Hailstorm                Conj/Ice       33%          9%          4
 Apportation              Tloc           8%           10%         1
 Foxfire                  Conj/Fire      16%          10%         1
 Magic Dart               Conj           16%          10%         1
 Sting                    Tmut/Pois      16%          10%         1
 Blink                    Tloc           N/A          16%         2
 Poisonous Vapours        Pois/Air       8%           16%         2
 Slow                     Hex            4%           16%         2
 Conjure Flame            Conj/Fire      4%           30%         3
 Ignite Poison            Fire/Tmut/Pois 4%           30%         3
 Inner Flame              Hex/Fire       4%           30%         3
 Lesser Beckoning         Tloc           2%           30%         3
 Mephitic Cloud           Conj/Pois/Air  4%           30%         3
 Tukima's Dance           Hex            4%           30%         3
 Olgreb's Toxic Radiance  Pois           4%           69%         4
 Sticky Flame             Conj/Fire      4%           69%         4
 Alistair's Intoxication  Tmut/Pois      2%           95%         5
 Fireball                 Conj/Fire      2%           95%         5
 Invisibility             Hex            4%           100%        6


Dungeon Overview and Level Annotations

Branches:
Dungeon (11/15)            Temple (0/1) D:4            Lair (1/6) D:9
  Sewer (visited)         Volcano (1/1)
    Orc: D:9-12

Altars:
Ashenzari
Cheibriados
Elyvilon
Fedhas
Nemelex Xobeh
Qazlal
Vehumet
Wu Jian
Xom
Yredelemnul
Zin

Shops:
D:8 *

Annotations:
Lair:1 1 transporter, Vitzuyd's ghost, journeyman DDFi


Innate Abilities, Weirdness & Mutations

You are partially covered in slimy green scales. (AC +2)
You can translocate small distances at will.


Message History

You hit the earth elemental.
The earth elemental is lightly damaged.
You feel very mighty all of a sudden.
The earth elemental completely resists.
The wall freezes the earth elemental but does no damage.
The earth elemental completely misses you.
You hit the earth elemental.
The earth elemental is lightly damaged.
You hit the earth elemental but do no damage.
The earth elemental is lightly damaged.
The earth elemental completely resists.
The wall freezes the earth elemental but does no damage.
The earth elemental hits you.
* * * LOW HITPOINT WARNING * * *
You hit the earth elemental.
The earth elemental is lightly damaged.
The earth elemental completely resists.
The wall freezes the earth elemental but does no damage.
The earth elemental hits you!!
You die...

* * * . ## ### , ≈. *
###.## ##.## * ≈≈.
##°...###...## ,≈≈≈≈
#°°....#)###.##*,.≈k.9
#≈..∩..)## ##@##..≈≈k≈
#≈≈...###° ≈##E'#* ≈
#≈≈...##E≈☼≈ #### * **
#≈≈...##≈°≈≈ { ≈* ≈
#≈..∩..+.≈≈≈.. { ,
#≈≈....#..≈°○#* ≈
##○...###..°## **,
###.## #.## ≈ ### * ≈,


You could see an earth elemental.

Vanquished Creatures
  A two-headed ogre (D:9)
  An unseen horror (D:10)
  An ugly thing (D:10)
  2 molten gargoyles (Volcano)
  7 yaks
  4 sky beasts
  5 orc warriors
  A black bear (D:6)
  2 centaurs
  3 ogres
  12 bullfrogs
  A scorpion (D:9)
  A wight (D:6)
  A howler monkey (D:6)
  A jelly (D:6)
  5 hounds
  A quasit (D:6)
  12 orc wizards
  3 bullfrog skeletons
  A gnoll shaman (D:7)
  4 orc priests
  2 centaur skeletons
  2 iguanas
  4 worker ants
  2 hound skeletons
  A howler monkey zombie (D:8)
  A worker ant zombie (D:6)
  8 gnolls
  3 river rats (Sewer)
  16 adders
  2 shadow imps (D:8)
  3 white imps
  2 ufetubi
  2 oozes
  2 worms
  A dart slug (D:3)
  9 leopard geckos
  28 orcs
  11 ball pythons
  5 giant cockroaches
  5 goblins
  9 hobgoblins
  4 jackals (D:3)
  A kobold (D:3)
  6 quokkas
  6 bats
  7 frilled lizards
  32 rats
  A spectral orc (D:6)
244 creatures vanquished.

Vanquished Creatures (collateral kills)
  2 hydras (Lair:1)
  3 yaks (Lair:1)
  A bullfrog (Lair:1)
6 creatures vanquished.

Grand Total: 250 creatures vanquished

Notes
Turn   | Place    | Note
-------+----------+-------------------------------------------
     0 | D:1      | buriedalive the Deep Elf Ice Elementalist began the quest
                  | for the Orb.
     0 | D:1      | Reached XP level 1. HP: 10/10 MP: 6/6
   111 | D:1      | Reached XP level 2. HP: 15/15 MP: 1/8
   387 | D:1      | Reached skill level 3 in Dodging
  1340 | D:2      | Found a radiant altar of Vehumet.
  1420 | D:2      | Found a broken altar of Ashenzari.
  1428 | D:2      | Reached skill level 5 in Ice Magic
  1428 | D:2      | Reached XP level 3. HP: 19/19 MP: 6/9
  1431 | D:2      | Became a worshipper of Ashenzari the Shackled
  1505 | D:2      | Found a snail-covered altar of Cheibriados.
  2112 | D:3      | Learned a level 3 spell: Frozen Ramparts
  2116 | D:3      | Learned a level 3 spell: Ozocubu's Armour
  2222 | D:3      | Reached skill level 4 in Dodging
  2222 | D:3      | Reached XP level 4. HP: 16/24 MP: 4/10
  2557 | D:3      | Gained mutation: You are partially covered in slimy green
                  | scales. (AC +2) [potion of mutation]
  2557 | D:3      | Gained mutation: You can translocate small distances at
                  | will. [potion of mutation]
  2584 | D:3      | Reached XP level 5. HP: 15/28 MP: 1/11
  2638 | D:3      | Reached skill level 5 in Dodging
  3779 | D:4      | Found a white marble altar of Elyvilon.
  3824 | D:4      | Reached * piety under Ashenzari
  3877 | D:4      | Found a staircase to the Ecumenical Temple.
  4137 | D:4      | Noticed a phantom
  4535 | D:5      | Entered Level 5 of the Dungeon
  4626 | D:5      | Found a glowing drain.
  4640 | Sewer    | Entered a sewer
  4914 | Sewer    | Reached XP level 6. HP: 29/32 MP: 3/12
  5277 | Sewer    | Reached skill level 6 in Dodging
  5694 | D:5      | Reached XP level 7. HP: 28/36 MP: 9/13
  5701 | D:5      | Reached skill level 7 in Dodging
  6088 | D:5      | Found a shimmering altar of Xom.
  6088 | D:5      | Found a stormy altar of Qazlal.
  6351 | D:6      | Found a basalt altar of Yredelemnul.
  6894 | D:6      | Reached ** piety under Ashenzari
  6900 | D:6      | Learned a level 4 spell: Summon Ice Beast
  6940 | D:6      | Reached skill level 8 in Dodging
  7086 | D:6      | HP: 1/36 [ogre/+0 giant club (27)]
  7089 | D:6      | Reached XP level 8. HP: 1/41 MP: 5/14
  8009 | D:6      | Reached skill level 9 in Dodging
  8472 | D:6      | Found a glowing silver altar of Zin.
  8965 | D:7      | Found an ornate altar of the Wu Jian Council.
  9417 | D:7      | Reached *** piety under Ashenzari
  9527 | D:7      | Reached skill level 10 in Dodging
  9593 | D:7      | Reached skill level 10 in Ice Magic
  9920 | D:8      | Reached XP level 9. HP: 45/45 MP: 12/15
 10301 | D:8      | Found Nek Kas's General Store.
 10345 | D:8      | Reached skill level 1 in Summonings
 10446 | D:8      | Reached skill level 1 in Fighting
 11164 | D:9      | Found a staircase to the Lair.
 11205 | D:9      | Reached skill level 11 in Dodging
 11363 | D:9      | Noticed a two-headed ogre
 11378 | D:9      | Found a sparkling altar of Nemelex Xobeh.
 11510 | D:9      | Found a blossoming altar of Fedhas.
 11623 | D:9      | Killed a two-headed ogre
 11895 | D:10     | Entered Level 10 of the Dungeon
 12000 | D:10     | Noticed an unseen horror
 12009 | D:10     | Killed an unseen horror
 12076 | D:10     | Reached XP level 10. HP: 56/56 MP: 13/16
 12710 | D:10     | Reached skill level 5 in Summonings
 13013 | D:10     | Reached skill level 12 in Dodging
 13021 | D:10     | HP: 1/57 [yak (7)]
 13616 | D:11     | Noticed a purple ugly thing
 13632 | D:10     | Killed a purple ugly thing
 13923 | D:11     | Noticed a cyclops
 14001 | Lair:1   | Entered Level 1 of the Lair of Beasts
 14009 | Lair:1   | Found a transporter.
 14010 | Lair:1   | Identified the ring "Qenniag" {rC+ Stlth-}
 14010 | Lair:1   | Noticed Vitzuyd's ghost (journeyman DDFi)
 14012 | Lair:1   | Noticed an elephant
 14012 | Lair:1   | Noticed a cane toad
 14014 | Lair:1   | Noticed a moth of wrath
 14015 | Lair:1   | Noticed a moth of wrath
 14021 | Lair:1   | Noticed a four-headed hydra
 14035 | Lair:1   | Killed a four-headed hydra
 14036 | Lair:1   | Reached skill level 5 in Fighting
 14187 | Lair:1   | Noticed an eight-headed hydra
 14195 | Lair:1   | Killed an eight-headed hydra
 14367 | Lair:1   | Found a dark tunnel.
 14376 | Volcano  | Entered a volcano
 14399 | Volcano  | Noticed a molten gargoyle
 14399 | Volcano  | Noticed a molten gargoyle
 14408 | Volcano  | Killed a molten gargoyle
 14416 | Volcano  | Killed a molten gargoyle
 14417 | Volcano  | Reached XP level 11. HP: 33/67 MP: 17/17
 14686 | Volcano  | Noticed a lindwurm
 14686 | Volcano  | Noticed a lindwurm
 14696 | Volcano  | Mangled by an earth elemental

Illustrated notes

Levels and vault maps discovered:
D:1:      dpeg_arrival_stonehenge_8_columns, layout_basic
D:2:      layout_loops_ring, vehumet_crystals, lemuel_round_altar,
          lemuel_coloured_pillars_altar, minmay_cupped
D:3:      layout_loops_ring
D:4:      layout_cave_pods, overflow_temple_1_default,
          minmay_temple_entry_gardened_gates
D:5:      layout_rooms, gammafunk_temple_overflow_statue, portal_sewer_entry_d
D:6:      layout_layer_cave, yredelemnul_forgotten_temple_becter, basic_altar,
          minmay_pentangle
D:7:      layout_basic, lemuel_doored_altar
D:8:      layout_loops_ring, serial_shops, nicolae_shop_behind_doors
D:9:      layout_rooms, lair_entry_dummy, basic_altar, fedhas_altar_fruit_tree
D:10:     layout_basic, due_unseen_surprise
D:11:     layout_rooms
Lair:1:   layout_gridlike, gammafunk_ghost_berserking_beasts,
          lightli_volcano_entry_magma_tube
Volcano:  volcano_aerie

Skill      XL: |  1  2  3  4  5  6  7  8  9 10 |
---------------+-------------------------------+-----
Dodging        | 3 4 5 6 8 10 11 12 | 12.3
Ice Magic      | 5 6 7 8 10 | 10.4
Summonings     | 4 6 |  6.2
Fighting       | 3 7 |  7.0
Stealth        | |  2.4
Spellcasting   | |  3.0

Action                   |  1- 3 |  4- 6 |  7- 9 | 10-12 || total
-------------------------+-------+-------+-------+-------++-------
Melee: Whip              |    16 |       |       |       ||    16
       Dagger            |     3 |   115 |   192 |    32 ||   342
       Short sword       |    14 |       |       |       ||    14
       Unarmed           |     2 |       |       |       ||     2
 Cast: Freeze            |    42 |    57 |    24 |    20 ||   143
       Frozen Ramparts   |     1 |    20 |    65 |    25 ||   111
       Ozocubu's Armour  |       |     2 |    15 |    13 ||    30
       Summon Ice Beast  |       |       |     2 |     7 ||     9
Invok: Curse Item        |       |     2 |     1 |       ||     3
Evoke: Wand              |       |       |       |     6 ||     6
  Use: Scroll            |     1 |       |    19 |     1 ||    21
       Potion            |       |     6 |       |     2 ||     8
 Stab: Sleeping          |     4 |     3 |     2 |       ||     9
Armor: Robe              |    12 |    16 |    33 |     7 ||    68
       Skin              |       |    35 |       |       ||    35
Dodge: Dodged            |    48 |    93 |   206 |    63 ||   410
Block: Other             |       |    44 |    18 |       ||    62
       Reflection        |       |       |     1 |       ||     1
